 Dungeon Crawl Stone Soup version 0.20-a0-522-g0b37eee (webtiles) character file.

109 polly the Covered (level 5, 0/42 HPs)
             Began as a Formicid Fighter on Jan 26, 2017.
             Slain by an orc warrior
             ... wielding a +0 short sword
              (16 damage)
             ... on level 2 of the Dungeon.
             The game lasted 00:02:28 (1003 turns).

polly the Covered (Formicid Fighter)                Turns: 1003, Time: 00:02:29

Health: 0/42       AC:  9    Str: 22    XL:     5   Next: 13%
Magic:  5/5        EV:  6    Int:  7    God:
Gold:   116        SH:  9    Dex: 10    Spells: 4/4 levels left

rFire    . . .     SeeInvis +   a - +0 long sword
rCold    . . .     Gourm    .   r - +0 chain mail (curse)
rNeg     . . .     Faith    .   c - +0 shield
rPois    .         Spirit   .   (helmet unavailable)
rElec    .         Reflect  .   (no cloak)
rCorr    .         Harm     .   (no gloves)
MR       .....                  (no boots)
Stlth    ..........             (no amulet)
Regen    0.2/turn               (no ring)
                                (no ring)

@: no status effects
A: permanent stasis, dig shafts and tunnels, four strong arms, antennae 3
a: Dig, Shaft Self


You were on level 2 of the Dungeon.
You were hungry.

You visited 1 branch of the dungeon, and saw 3 of its levels.

You collected 116 gold pieces.

Inventory:

Hand Weapons
 a - a +0 long sword (weapon)
Armour
 c - a +0 shield (worn)
 r - a cursed +0 chain mail (worn)
Jewellery
 b - a +6 ring of dexterity {unknown}
Scrolls
 e - 2 scrolls of teleportation {unknown}
 k - a scroll of amnesia {unknown}
 o - 2 scrolls of identify {unknown}
 t - a scroll of remove curse {unknown}
Potions
 d - a potion of might
 g - a potion of curing {unknown}
 h - a potion of lignification {unknown}
 i - a potion of agility {unknown}
 j - 2 potions of haste {unknown}
 l - a potion of degeneration {unknown}
 n - a potion of beneficial mutation {unknown}
 p - a potion of brilliance {unknown}
 q - 2 potions of invisibility {unknown}
 s - a potion of heal wounds {unknown}
Comestibles
 f - 3 bread rations
 m - 2 meat rations
 u - a royal jelly


   Skills:
 + Level 4.0 Fighting
 + Level 3.1 Long Blades
 + Level 4.2 Armour
 + Level 0.6 Dodging
 + Level 4.1 Shields


You had 4 spell levels left.
You didn't know any spells.

Dungeon Overview and Level Annotations

Branches:
Dungeon (3/15)

Altars:
Dithmenos


Innate Abilities, Weirdness & Mutations

You cannot be hasted, slowed, berserked, paralysed or teleported.
You can dig through walls and to a lower floor.
Your four strong arms can wield two-handed weapons with a shield.
You have a pair of large antennae on your head. (SInv)


Message History

You are too injured to fight recklessly!
You are too injured to fight recklessly!
You are too injured to fight recklessly!
You are too injured to fight recklessly!
You are too injured to fight recklessly!
An orc priest comes into view. It is wielding a hand axe of chopping.
There is an open door here.
The orc priest shouts!
There is a stone staircase leading up here.
You block the orc warrior's attack.
You climb upwards.
There is a stone staircase leading down here.
You slash the orc warrior!
The orc warrior is moderately wounded.
The orc warrior barely misses you.
You closely miss the orc warrior.
The orc warrior is moderately wounded.
The orc warrior hits you but does no damage.
The orc warrior hits you with a short sword!
You die...

...............### #.........#
..........###....####........#
..........# #.....####.....#.##
.....)....# ##).....#####..#..#
..........# #....#.....##.##.##
......(...## #....#####....##..#
.#..###(#..###.....#######..#♣.♣
..........(......o....)......♣.♣
..).#...##......@##..)....##.♣)♣#
....#............##.......###...#
......########...###......# #####
.<#..## #...# #......# ..##.#
#...# #......# ..#### #...#
#..♣.♣.# ..# ##### ##♣..♣♣# ###
P..


You could see an orc warrior.

Vanquished Creatures
  4 gnolls (D:2)
  2 adders (D:3)
  2 worms
  2 leopard geckos
  3 giant cockroaches
  5 goblins
  7 hobgoblins
  7 bats
  4 frilled lizards
  4 kobolds
  7 rats
47 creatures vanquished.

Notes
Turn   | Place    | Note
-------+----------+-------------------------------------------
     0 | D:1      | polly the Formicid Fighter began the quest for the Orb.
     0 | D:1      | Reached XP level 1. HP: 18/18 MP: 1/1
   116 | D:1      | Reached XP level 2. HP: 16/24 MP: 2/2
   278 | D:1      | Reached XP level 3. HP: 24/29 MP: 3/3
   485 | D:2      | Found a shadowy altar of Dithmenos.
   581 | D:2      | Reached XP level 4. HP: 24/37 MP: 4/4
   735 | D:2      | You fall through a shaft!
   837 | D:3      | Reached XP level 5. HP: 39/42 MP: 5/5
   972 | D:3      | Noticed an orc warrior
  1003 | D:2      | Slain by an orc warrior

Vault maps used:
D:1:      minmay_arrival_semitransparent
D:2:      grunt_dithmenos_smoke, serial_forest, infiniplex_forest_clump_C,
          infiniplex_forest_straight_2, infiniplex_forest_straight_1,
          infiniplex_forest_end_3, infiniplex_forest_end_3
D:3:      corexii_shack_village, minmay_statues_item

Skill      XL: |  1  2  3  4  5 |
---------------+----------------+-----
Shields        | 4 |  4.1
Armour         | 4 |  4.2
Fighting       | 4 |  4.0
Long Blades    | 3 |  3.1
Dodging        | |  0.6

Action                   |  1- 3 |  4- 6 || total
-------------------------+-------+-------++-------
Melee: Long sword        |   101 |    44 ||   145
Armor: Scale mail        |    38 |     1 ||    39
       Chain mail        |       |    12 ||    12
Dodge: Dodged            |    43 |    10 ||    53
Block: Shield            |    64 |    20 ||    84
       Rpst.: Long sword |    18 |     3 ||    21
